 Dungeon Sprint DCSS version 0.17-a0-1718-g72dbe4d (webtiles) character file.

20614 Kidiri the Tortoise (level 12, -1/115 HPs)
             Began as a Minotaur Fighter on Aug 24, 2015.
             Was the Champion of Okawaru.
             Slain by Mennas
             ... wielding a +5 eudemon blade of holy wrath
              (24 damage)
             ... in the Dungeon (Sprint VII: "The Pits").
             The game lasted 00:15:17 (2061 turns).

Kidiri the Tortoise (Minotaur Fighter)              Turns: 2061, Time: 00:15:18

Health: -1/115     AC: 27    Str: 29    XL:     12   Next: 46%
Magic:  13/19      EV: 16    Int:  5    God:    Okawaru [******]
Gold:   49         SH: 19    Dex: 10    Spells: 0 memorised, 11 levels left

rFire  . . .     SeeInvis .     x - +3 broad axe (chop)
rCold  . . .     Clarity  .     y - +4 chain mail
rNeg   . . .     SustAt   .     c - +2 shield
rPois  .         Gourm    .     (helmet restricted)
rElec  .         Spirit   .     (no cloak)
rCorr  .         Warding  .     r - +2 pair of gloves {archery}
rMut   .         NoTele   +     (no boots)
MR     .....                    (no amulet)
Stlth  ..........               g - +3 ring of strength
                                G - +3 ring of protection

@: heroism, finesse, glowing, silenced, not resistant to hostile enchantments,
extremely unstealthy
A: retaliatory headbutt, horns 2
a: Renounce Religion


You were in the Dungeon.
You worshipped Okawaru.
Okawaru was exalted by your worship.
You were not hungry.

You visited 1 branch You collected 49 gold pieces.

Inventory:

Hand weapons
 x - a +3 broad axe of chopping (weapon)
Armour
 c - a +2 shield (worn)
 r - a +2 pair of gloves of archery (worn)
 s - a +1 hat
 y - a +4 chain mail (worn)
Jewellery
 b - a +3 ring of dexterity
 g - a +3 ring of strength (right hand)
 E - an uncursed ring of protection from magic
 F - an uncursed ring of protection from magic
 G - a +3 ring of protection (left hand)
Scrolls
 k - a scroll of blinking
 o - 5 scrolls of remove curse
 p - 5 scrolls of amnesia
 q - a scroll of summoning
 z - a scroll of fear
 B - 3 scrolls of identify
Potions
 a - a potion of ambrosia {unknown}
 d - a potion of might
 f - 5 potions of curing
 h - 3 potions of haste
 i - 4 potions of magic
 j - 3 potions of berserk rage
 n - 2 potions of invisibility
 t - 14 potions of heal wounds
 u - 3 potions of agility
 v - 2 potions of cure mutation
 A - 2 potions of brilliance
 D - a potion of resistance
Comestibles
 e - 6 bread rations
 l - 40 fruits
 m - 7 meat rations


   Skills:
 + Level 13.5(18.5) Fighting
 * Level 17.7(22.7) Axes
 * Level 17.8(22.8) Armour
 + Level 12.1(17.1) Dodging
 * Level 17.7(22.7) Shields
 + Level 10.8 Invocations


You had 11 spell levels left.
You didn't know any spells.

Dungeon Overview and Level Annotations

Branches:
Dungeon (1/1)

Altars:
Ashenzari
Cheibriados
Dithmenos
Elyvilon
Fedhas
Gozag
Kikubaaqudgha
Makhleb
Nemelex Xobeh
Okawaru
Qazlal
Ru
Sif Muna
Trog
Vehumet
Xom
Yredelemnul
Zin
The Shining One
Beogh
Jiyva
Lugonu

Annotations:
D Mennas


Innate Abilities, Weirdness & Mutations

You reflexively headbutt those who attack you in melee.
You have a pair of horns on your head.


Message History

You destroy the bat zombie!
Mennas hits you with an eudemon blade of holy wrath!
You block Mennas's attack.
You miss Mennas. Your headbutt misses Mennas.
Mennas is moderately wounded.
Mennas blocks your attack.
Your headbutt misses Mennas.
Mennas is moderately wounded.
You slice the harpy!!
The harpy is severely wounded.
You block the harpy's attack. x2
Mennas hits you with an eudemon blade of holy wrath.
Mennas hits you with an eudemon blade of holy wrath!!
Wear which item? (? for menu, Esc to quit)
Keep equipping yourself?
You block the harpy's attack. x2
The harpy claws you but does no damage. You block the harpy's attack.
Mennas hits you with an eudemon blade of holy wrath!
* * * LOW HITPOINT WARNING * * *
Mennas hits you with an eudemon blade of holy wrath!!
You die...

,,,,,,,,,,,*,,,,,*,,,,,,*,,*#....
,,,,,,,,,,,*,,,,,*,,,,,,*,,*#....
,,,,,*,,,,,,,,*,,,,,,,,,*,,++..#.
,,,,,*,,,,,,,,*,,,,,,,,,*,,++....
****************************#....
******#######################..#.
,,,,,*#....................++....
,,,,,*#..........).........++....
,,,,,*#..#######@########..##..#.
,,,,,*#..#*,*,#H#A#,*,*,#..##....
,,,,,*#..#,*,#H#,#h#,*,*#..##....
,,,,,*#..#*,#)#,*,#Z#,*,#..####++
,,,,,*#..#,#M#,*,*,#o#,*#..#***++
,,,,,*#..##.#,*,*,*,#C#,#..#*,,,,
******#..################..#*,*+*
#######....................#*,*,,
_____##....................#*,+,,


You could see Mennas, a hill giant, an orc high priest, 2 harpies, a wolf, a
mummy and a giant cockroach simulacrum.

Vanquished Creatures
  A titan (D)
  A greater naga (D)
  A vampire knight (D)
  A yellow draconian (D)
  A hydra (D)
  An anaconda (D)
  A vampire mage (D)
  A death yak (D)
  A fire crab (D)
  Sonja (D)
  An unseen horror (D)
  A deep troll (D)
  A harpy (D)
  An orc knight (D)
  A flayed ghost (D)
  2 manticores (D)
  2 orc sorcerers (D)
  2 hornets (D)
  A rust devil (D)
  A black mamba (D)
  An elephant (D)
  A smoke demon (D)
  An orange demon (D)
  A spiny frog (D)
  A fire drake (D)
  2 kobold demonologists (D)
  An efreet (D)
  A troll (D)
  A blue devil (D)
  A wind drake (D)
  A snapping turtle (D)
  A boulder beetle (D)
  A shadow (D)
  2 small abominations (D)
  Sigmund (D)
  A hippogriff (D)
  A fire bat (D)
  10 wolves (D)
  A soldier ant (D)
  Duvessa (D)
  A water moccasin (D)
  2 swamp drakes (D)
  3 ogres (D)
  A wasp (D)
  A centaur (D)
  2 big kobolds (D)
  An earth elemental (D)
  Dowan (D)
  2 scorpions (D)
  2 killer bees (D)
  A quasit (D)
  A crimson imp (D)
  4 orc wizards (D)
  A gnoll shaman (D)
  An iron imp (D)
  An orc priest (D)
  A worker ant (D)
  4 gnolls (D)
  2 river rats (D)
  2 ufetubi (D)
  An ooze (D)
  A worm (D)
  5 orcs (D)
  A bat skeleton (D)
  A bat zombie (D)
  A giant cockroach (D)
  2 hobgoblins (D)
  A ball python zombie (D)
  A giant cockroach simulacrum (D)
  A giant cockroach zombie (D)
  A giant newt (D)
  3 jackals (D)
  A jackal simulacrum (D)
  5 kobolds (D)
  A quokka skeleton (D)
114 creatures vanquished.

Vanquished Creatures (others)
  A titan (D)
  A komodo dragon (D)
  An air elemental (D)
3 creatures vanquished.

Grand Total: 117 creatures vanquished

Notes
Turn   | Place    | Note
--------------------------------------------------------------
     0 | D        | Kidiri the Minotaur Fighter began the quest for the Orb.
     0 | D        | Reached XP level 1. HP: 19/19 MP: 0/0
    27 | D        | Reached skill level 4 in Armour
    27 | D        | Reached skill level 1 in Dodging
    53 | D        | Found a sacrificial altar of Ru.
    53 | D        | Found a basalt altar of Yredelemnul.
    53 | D        | Found a shadowy altar of Dithmenos.
    53 | D        | Found a deep blue altar of Sif Muna.
    53 | D        | Found a burning altar of Makhleb.
    53 | D        | Found a shimmering altar of Xom.
    53 | D        | Found an ancient bone altar of Kikubaaqudgha.
    53 | D        | Found a sparkling altar of Nemelex Xobeh.
    54 | D        | Found a glowing golden altar of the Shining One.
    54 | D        | Found a bloodstained altar of Trog.
    54 | D        | Found a shattered altar of Ashenzari.
    54 | D        | Found a white marble altar of Elyvilon.
    54 | D        | Found a snail-covered altar of Cheibriados.
    54 | D        | Found a blossoming altar of Fedhas.
    54 | D        | Found a radiant altar of Vehumet.
    54 | D        | Found a glowing silver altar of Zin.
    54 | D        | Found a corrupted altar of Lugonu.
    54 | D        | Found a viscous altar of Jiyva.
    54 | D        | Found a roughly hewn altar of Beogh.
    54 | D        | Found an iron altar of Okawaru.
    60 | D        | Found a stormy altar of Qazlal.
    61 | D        | Found an opulent altar of Gozag.
    63 | D        | Became a worshipper of Warmaster Okawaru
    66 | D        | Killed a titan
    80 | D        | Reached XP level 2. HP: 27/27 MP: 1/1
   147 | D        | Noticed an orc priest
   148 | D        | Noticed an orc wizard
   157 | D        | Killed an orc priest
   157 | D        | Reached skill level 5 in Armour
   157 | D        | Reached skill level 5 in Shields
   157 | D        | Reached XP level 3. HP: 31/35 MP: 2/2
   157 | D        | Reached skill level 5 in Fighting
   161 | D        | Reached skill level 5 in Axes
   175 | D        | Killed an orc wizard
   175 | D        | Reached skill level 6 in Armour
   175 | D        | Reached skill level 1 in Invocations
   175 | D        | Reached XP level 4. HP: 30/42 MP: 3/3
   300 | D        | Noticed an orc wizard
   300 | D        | Noticed an orc wizard
   301 | D        | Noticed an orc wizard
   301 | D        | Noticed a big kobold
   301 | D        | Noticed a wolf
   301 | D        | Noticed a quasit
   304 | D        | Killed an orc wizard
   310 | D        | Killed an orc wizard
   310 | D        | Acquired Okawaru's first power
   310 | D        | Reached skill level 7 in Armour
   310 | D        | Reached XP level 5. HP: 49/49 MP: 3/5
   320 | D        | Killed a big kobold
   328 | D        | Killed a quasit
   328 | D        | Reached skill level 8 in Armour
   334 | D        | Killed an orc wizard
   334 | D        | Reached XP level 6. HP: 51/58 MP: 5/7
   347 | D        | Killed a wolf
   347 | D        | Reached skill level 9 in Armour
   347 | D        | Reached skill level 5 in Dodging
   461 | D        | Noticed an elephant
   468 | D        | Killed an elephant
   468 | D        | Reached skill level 10 in Armour
   468 | D        | Reached skill level 10 in Shields
   468 | D        | Reached XP level 7. HP: 53/67 MP: 6/9
   475 | D        | Noticed a scorpion
   475 | D        | Noticed an ogre
   477 | D        | Killed an ogre
   480 | D        | Killed a scorpion
   554 | D        | Noticed Sigmund
   554 | D        | Noticed a boulder beetle
   554 | D        | Noticed a greater naga
   571 | D        | HP: 2/67 [boulder beetle (32)]
   578 | D        | Killed a greater naga
   578 | D        | Reached skill level 11 in Axes
   578 | D        | Reached XP level 8. HP: 32/78 MP: 9/11
   578 | D        | HP: 1/78 [boulder beetle (26)]
   581 | D        | Killed Sigmund
   581 | D        | Acquired Okawaru's second power
   581 | D        | Reached XP level 9. HP: 37/83 MP: 9/12
   581 | D        | Killed a boulder beetle
   581 | D        | Reached skill level 12 in Armour
   782 | D        | Noticed a smoke demon
   782 | D        | Noticed a soldier ant
   789 | D        | Killed a soldier ant
   792 | D        | Killed a smoke demon
  1108 | D        | Noticed a centaur
  1109 | D        | Noticed an ogre
  1109 | D        | Noticed a death yak
  1109 | D        | Noticed an orange demon
  1111 | D        | Noticed a manticore
  1113 | D        | Killed a centaur
  1114 | D        | Killed an ogre
  1118 | D        | Killed a death yak
  1118 | D        | Reached skill level 10 in Fighting
  1118 | D        | Reached skill level 13 in Armour
  1119 | D        | Killed an orange demon
  1123 | D        | Killed a manticore
  1123 | D        | Received a gift from Okawaru
  1123 | D        | Reached XP level 10. HP: 82/93 MP: 12/14
  1176 | D        | Noticed a hippogriff
  1176 | D        | Noticed a flayed ghost
  1176 | D        | Noticed a scorpion
  1183 | D        | Killed a scorpion
  1187 | D        | Killed a flayed ghost
  1187 | D        | Killed a hippogriff
  1203 | D        | Noticed Sonja
  1203 | D        | Noticed a fire bat
  1204 | D        | Noticed a fire drake
  1206 | D        | Noticed a water moccasin
  1207 | D        | Noticed a wolf
  1208 | D        | Noticed a wolf
  1208 | D        | Killed a fire bat
  1209 | D        | Noticed a wolf
  1210 | D        | Noticed a wolf
  1211 | D        | Noticed a wolf
  1211 | D        | Killed Sonja
  1211 | D        | Reached skill level 14 in Armour
  1211 | D        | Killed a fire drake
  1213 | D        | Noticed a wolf
  1215 | D        | Killed a water moccasin
  1216 | D        | Killed a wolf
  1217 | D        | Noticed a small abomination
  1220 | D        | Killed a wolf
  1222 | D        | Killed a wolf
  1224 | D        | Killed a wolf
  1228 | D        | Killed a wolf
  1231 | D        | Killed a wolf
  1231 | D        | Killed a small abomination
  1245 | D        | Noticed a gnoll shaman
  1251 | D        | Killed a gnoll shaman
  1253 | D        | Noticed a manticore
  1260 | D        | Killed a manticore
  1343 | D        | Noticed a vampire knight
  1345 | D        | Noticed a komodo dragon
  1345 | D        | Noticed an orc sorcerer
  1345 | D        | Noticed a swamp drake
  1346 | D        | Noticed an air elemental
  1348 | D        | Noticed a wasp
  1349 | D        | Noticed an efreet
  1362 | D        | Killed a vampire knight
  1362 | D        | Reached skill level 15 in Armour
  1362 | D        | Reached skill level 10 in Dodging
  1362 | D        | Reached skill level 15 in Shields
  1362 | D        | Reached XP level 11. HP: 79/102 MP: 9/16
  1363 | D        | Killed a wasp
  1365 | D        | Killed a swamp drake
  1368 | D        | Noticed a kobold demonologist
  1368 | D        | Killed an air elemental
  1369 | D        | Noticed a crimson imp
  1370 | D        | Noticed an ogre
  1373 | D        | Noticed a black mamba
  1374 | D        | Noticed an orc sorcerer
  1375 | D        | Killed a komodo dragon
  1376 | D        | Noticed a kobold demonologist
  1376 | D        | Noticed Duvessa
  1377 | D        | Noticed a big kobold
  1380 | D        | Noticed Dowan
  1382 | D        | Killed an efreet
  1382 | D        | Reached skill level 15 in Axes
  1383 | D        | Noticed a shadow
  1383 | D        | Killed a crimson imp
  1384 | D        | Killed an orc sorcerer
  1389 | D        | Killed an ogre
  1389 | D        | Killed Duvessa
  1392 | D        | Killed a kobold demonologist
  1398 | D        | Killed a black mamba
  1400 | D        | Killed an unseen horror
  1400 | D        | Received a gift from Okawaru
  1402 | D        | Killed an orc sorcerer
  1414 | D        | Killed a kobold demonologist
  1417 | D        | Killed a shadow
  1417 | D        | Killed a big kobold
  1418 | D        | Killed Dowan
  1418 | D        | Reached skill level 16 in Armour
  1421 | D        | Noticed an orc knight
  1423 | D        | Noticed a worker ant
  1429 | D        | Killed a worker ant
  1438 | D        | Killed an orc knight
  1440 | D        | Noticed a spiny frog
  1446 | D        | Killed a spiny frog
  1493 | D        | Got a smoking battleaxe {god gift}
  1702 | D        | Noticed a hornet
  1702 | D        | Noticed an iron imp
  1708 | D        | Killed a hornet
  1717 | D        | Killed an iron imp
  1725 | D        | Noticed a swamp drake
  1725 | D        | Noticed an anaconda
  1725 | D        | Noticed a snapping turtle
  1733 | D        | Killed an anaconda
  1736 | D        | Killed a snapping turtle
  1737 | D        | Killed a swamp drake
  1741 | D        | Noticed a wolf
  1747 | D        | Killed a wolf
  1766 | D        | Noticed a four-headed hydra
  1773 | D        | Killed an eight-headed hydra
  1773 | D        | Received a gift from Okawaru
  1773 | D        | Reached skill level 10 in Invocations
  1776 | D        | Got a crystal hand axe {god gift}
  1777 | D        | Identified the +8 hand axe of the Fifty Spirits {speed, rElec Dex+4} (Okawaru gifted it to you in the Dungeon)
  1791 | D        | Noticed a rust devil
  1792 | D        | Noticed a hornet
  1796 | D        | Killed a hornet
  1805 | D        | Killed a rust devil
  1826 | D        | Noticed a troll
  1826 | D        | Noticed an earth elemental
  1826 | D        | Noticed a small abomination
  1830 | D        | Killed a troll
  1831 | D        | Killed a small abomination
  1842 | D        | Killed an earth elemental
  2020 | D        | Noticed a wind drake
  2020 | D        | Noticed a blue devil
  2020 | D        | Noticed a fire crab
  2020 | D        | Noticed a killer bee
  2020 | D        | Noticed a harpy
  2020 | D        | Noticed a harpy
  2020 | D        | Noticed Mennas
  2020 | D        | Noticed an orc high priest
  2021 | D        | Noticed a yellow draconian
  2022 | D        | Noticed a wolf
  2023 | D        | Noticed a titan
  2026 | D        | Killed a blue devil
  2026 | D        | Reached XP level 12. HP: 113/113 MP: 10/18
  2028 | D        | Noticed a vampire mage
  2029 | D        | Killed a wind drake
  2032 | D        | Noticed a harpy
  2034 | D        | Killed a fire crab
  2034 | D        | Reached skill level 17 in Armour
  2036 | D        | Noticed a killer bee
  2036 | D        | Killed a wolf
  2039 | D        | Killed a yellow draconian
  2041 | D        | Killed a vampire mage
  2044 | D        | Killed a killer bee
  2046 | D        | Killed a killer bee
  2047 | D        | Killed a titan
  2047 | D        | Received a gift from Okawaru
  2049 | D        | Noticed a deep troll
  2049 | D        | Noticed a wolf
  2050 | D        | Noticed a hill giant
  2051 | D        | Killed a wolf
  2051 | D        | Killed a harpy
  2054 | D        | Noticed a wolf
  2057 | D        | Killed a deep troll
  2061 | D        | Slain by Mennas

Vault maps used:
D:        pitsprint

Action                   |  1- 3 |  4- 6 |  7- 9 | 10-12 || total
-------------------------+-------+-------+-------+-------++-------
Melee: War axe           |    32 |    55 |    23 |       ||   110
       Broad axe         |       |       |    18 |   217 ||   235
Invok: Heroism           |       |     1 |     3 |     4 ||     8
       Finesse           |       |       |     1 |     4 ||     5
  Use: Potion            |     1 |       |     7 |     1 ||     9
       Scroll            |       |       |       |     7 ||     7
  Eat: Bread ration      |       |       |     1 |     1 ||     2
